woodfighter, neutral female human Wizard ---- --- --- ----- ---- --- |..| ------.--- ---.---- ---...-------- |..| ----)-- --..---........| ---....|.--- |......--....-- |..-- ---.<...| ---..............--- --..........| --.............-----..------.......-----..................---- |...........| |................%...........................................-- --........--- --..--..........-----..[.---..--.....------..--)......[...^....| ---.....-- |..--|............----..).------.....| |-..[[..........^...-------.--...| |..| --....|.............)..))......-- |...f[q.....................|-...-- ---- ------.|......---....---......-- ----.--@.....---.--------------.....-- |...|.......|.....| |.......| |.--.|----..----------- |.......| ---.|..............-- |....-.I| |....----|............| --......| |...|..---.........| --.......-- --......|------------.--- |......-- ---.------ ------....--|.....)...-- |......-- --- |...| ---|.......| |...| --....|-..........| ----....---.--- ---.----.----....-- -----.--- --...-|...........| --..........-- --*..|>..| --...| --.....| |....--...........-- |....).......| |........| --.-- |....--- |-................*| |-.......|..-- --....---- --- |.....| |...--......|......| |....-------- ---..| --.|.-- --.----.--.---.----- --..-- ---- ----- --- ------ --- ---- woodfighter the Conjurer Experience level: 5 Strength: 12 Dexterity: 10 Constitution: 17 Intelligence: 19 Wisdom: 16 Charisma: 8 Health: 0(35) Energy: 31(63) Def: 2 Gold: 457 Moves: 2123 Dungeon seed: v8mp5S05lP6R0UOi Game ID: woodfighter_1448150664 Your Inventory: Coins $ - 457 gold pieces Weapons a - a blessed +1 quarterstaff (weapon in hands) o - a +0 elven dagger Armor e - an uncursed +0 cloak of magic resistance (being worn) n - an uncursed +0 orcish helm (being worn) y - an uncursed +0 dwarvish cloak z - an uncursed +0 dwarvish cloak N - an uncursed +2 dwarvish cloak Comestibles h - 2 uncursed food rations m - an uncursed sprig of wolfsbane Scrolls i - an uncursed scroll of identify p - a cursed scroll of teleportation s - an uncursed scroll of magic mapping B - an uncursed scroll of scare monster Spellbooks b - a blessed spellbook of force bolt c - an uncursed spellbook of cure blindness l - an uncursed spellbook of slow monster Potions g - 2 uncursed potions of hallucination k - an uncursed potion of water r - a cursed potion of levitation C - an uncursed potion of restore ability D - a cursed potion of invisibility Wands d - a blessed wand of nothing (0:8) f - a cursed wand of enlightenment (0:13) Tools u - a cursed magic lamp v - a +0 pick-axe x - an uncursed towel Gems q - 2 uncursed worthless pieces of yellow glass A - an uncursed worthless piece of black glass Y - an uncursed worthless piece of blue glass Spells and supernatural/magical abilities: Name Level Category Fail Memory a - force bolt 1 attack 0% 90% s - slow monster 2 enchantment 0% 97% B - cure blindness 2 healing 62% 90% W - pray for help -- divine ? -- Your skills at the end: Miscellaneous Skills wands [Basic] Weapon Skills quarterstaff [Basic] Spellcasting Skills attack spells [Basic] enchantment spells [Basic] Final Attributes: You were devoutly aligned. You were magic-protected. You are dead. Vanquished creatures: a dwarf king a human zombie a rock piercer a gnome lord an elf zombie a floating eye 2 dwarves an iguana 10 hill orcs 5 rothes 3 hobbits 2 geckos a hobgoblin 3 yellow molds 9 gnomes a gnome zombie 4 jackals a fox a kobold 10 newts a goblin 7 grid bugs a bat 2 lichens 3 kobold zombies 73 creatures vanquished. Voluntary challenges: You did not adorn yourself with jewelry or accessories. You used a wielded weapon 62 times, starting on turn 1. You did not use containers. You did not apply a unicorn horn. You read items or engraved 2 times, starting on turn 1377. You never genocided any monsters. You never polymorphed an object. You never changed form. You used no wishes. You never split a pudding. You never wrote Elbereth's name. You never violated your personal moral code. Dungeon overview: The Dungeons of Doom: levels 1 to 5 Level 1 a long staircase Level 2 an altar to Ptah, a sink Level 3 an altar to Thoth, a fountain Level 4 a sink stairs to The Gnomish Mines Level 5 The Gnomish Mines: levels 5 to 6 Level 5 <- You were here stairs to The Dungeons of Doom Level 6 History has recorded: On T:1 you entered the Dungeons of Doom to retrieve the Amulet of Yendor! On T:122 you reached level 2 of The Dungeons of Doom. On T:482 you advanced to experience level 2. On T:618 you reached level 3 of The Dungeons of Doom. On T:900 you reached level 4 of The Dungeons of Doom. On T:1149 you advanced to experience level 3. On T:1272 you reached level 5 of The Dungeons of Doom. On T:1475 you reached level 1 of The Gnomish Mines. On T:1504 you advanced to experience level 4. On T:1547 you advanced to experience level 5. On T:1946 you reached level 2 of The Gnomish Mines. Score breakdown: Gold: 457 ( 45 points) Experience: 5 levels ( 400 points) Exploration: 6 levels ( 150 points) Discoveries: 1 item ( 50 points) Variety of kills: 25 monsters ( 1250 points) Major goal: (nothing yet) ( 0 points) Survival: died (score multiplied by 3) Total score: 5685 Latest messages: The spell misses the rothe. The spell hits it. You kill it! The rothe punches you! The rothe bites! (2x) You die... Final status: Goodbye woodfighter the Wizard, killed by a rothe... You died in The Gnomish Mines on dungeon level 5 with 5685 points, and 457 pieces of gold, after 2123 moves. You were level 5 with a maximum of 35 hit points when you died.